 Dungeon Crawl Stone Soup version 0.28-a0-1235-g7c8fac35f0 (webtiles) character file.

Game seed: 10016468531400200508

442 r3xj the Covered (level 6, -4/57 HPs)
             Began as a Minotaur Fighter on Dec 24, 2021.
             Slain by a killer bee (7 damage)
             ... on level 4 of the Dungeon.
             The game lasted 00:05:28 (2613 turns).

r3xj the Covered (Minotaur Fighter)                 Turns: 2613, Time: 00:05:28

Health: -4/57      AC:  8    Str: 20 (23) XL:     6   Next: 71%
Magic:  5/5        EV:  9    Int:  3 (5)  God:
Gold:   78         SH:  9    Dex:  8 (9)  Spells: 5/5 levels left

rFire   + . .      SeeInvis .   a - +0 flail
rCold   + . .      Faith    .   c - +0 buckler
rNeg    . . .      Spirit   .   b - +0 scale mail
rPois   +          Reflect  +   (helmet restricted)
rElec   +          Harm     .   (no cloak)
rCorr   +          Rampage  .   r - +0 pair of gloves
Will    .....                   (no boots)
Stlth   ..........              g - amulet of reflection
HPRegen 0.19/turn               l - ring of poison resistance
MPRegen 0.09/turn               (no ring)

@: resistant
A: horns 2, retaliatory headbutt
a: no special abilities


You were on level 4 of the Dungeon.
You visited 1 branch of the dungeon, and saw 4 of its levels.
You also visited: Sewer.

You collected 78 gold pieces.

Inventory:

Hand Weapons
 a - a +0 flail (weapon)
Armour
 b - a +0 scale mail (worn)
 c - a +0 buckler (worn)
 r - a +0 pair of gloves (worn)
Jewellery
 g - an amulet of reflection (around neck)
 l - a ring of poison resistance (left hand)
 q - an amulet of guardian spirit
Scrolls
 e - a scroll of vulnerability {unknown}
 h - 4 scrolls of teleportation {unknown}
 j - 2 scrolls of magic mapping {unknown}
 m - 3 scrolls of fog {unknown}
 n - 2 scrolls of enchant weapon {unknown}
 o - a scroll of identify {unknown}
 p - 3 scrolls of fear {unknown}
 s - a scroll of amnesia {unknown}
Potions
 d - a potion of might
 f - a potion of degeneration
 i - a potion of resistance
 k - a potion of heal wounds {unknown}
 t - a potion of magic {unknown}
 u - 2 potions of curing {unknown}
 v - a potion of brilliance {unknown}


   Skills:
 + Level 5.9 Fighting
 + Level 5.3 Maces & Flails
 + Level 6.0 Armour
 - Level 4.0 Shields


You had 5 spell levels left.
You didn't know any spells.
Your spell library contained the following spells:

 Spells                   Type           Power      Damage    Failure   Level
 Animate Skeleton         Necr           0%         N/A       85%         1
 Apportation              Tloc           0%         N/A       85%         1
 Summon Small Mammal      Summ           0%         N/A       85%         1
 Conjure Flame            Conj/Fire      0%         6-21      99%         3
 Ignite Poison            Fire/Tmut/Pois 0%         N/A       99%         3
 Summon Guardian Golem    Hex/Summ       0%         N/A       99%         3
 Sticky Flame             Conj/Fire      0%         2d3       100%        4
 Orb of Destruction       Conj           0%         N/A       100%        7
 Spellforged Servitor     Conj/Summ      0%         N/A       100%        7


Dungeon Overview and Level Annotations

Branches:
Dungeon (5/15)              Sewer (visited)
 Temple: D:4-7

Altars:
Elyvilon

Shops:
D:1 =


Innate Abilities, Weirdness & Mutations

You have a pair of horns on your head.
You reflexively headbutt those who attack you in melee.


Message History

You feel sick. The killer bee stings you. x2
You feel sick. The killer bee barely misses you. The killer bee stings you.
You feel sick.
You are no longer poisoned.
The killer bee stings you. x2; You block the killer bee's attack.
The killer bee stings you but does no damage.
The killer bee stings you. The killer bee stings you!
* * * LOW HITPOINT WARNING * * *
The killer bee stings you but does no damage.
You block the killer bee's attack.
There is a stone staircase leading up here.
Okay, then.
The killer bee stings you!
* * * LOW HITPOINT WARNING * * *
The killer bee barely misses you. x2; The killer bee stings you.
* * * LOW HITPOINT WARNING * * *
The killer bee stings you but does no damage.
You block the killer bee's attack. x2
The killer bee stings you but does no damage.
You climb upwards.
There is a stone staircase leading down here.
It was a potion of degeneration.
There was something very wrong with that liquid.
You feel weakened.
You feel dopey.
You feel clumsy.
The killer bee stings you but does no damage.
You block the killer bee's attack. The killer bee barely misses you.
You block the killer bee's attack. x2
The killer bee stings you but does no damage.
You block the killer bee's attack.
The killer bee stings you but does no damage.
It was a potion of resistance.
You feel protected. You block the killer bee's attack.
The killer bee barely misses you.
The killer bee stings you but does no damage.
The killer bee completely misses you. You furiously retaliate!
You headbutt the killer bee! The killer bee stings you.
* * * LOW HITPOINT WARNING * * *
The killer bee stings you but does no damage. x2
The killer bee stings you!
You die...

##.)≈≈≈≈≈.....≈≈≈≈≈..
#...≈≈♣≈≈.....≈≈_≈≈..
#...≈≈≈≈≈.....≈≈≈≈≈..
###....≈≈≈...♣...≈≈≈...
##...#.......♣♣♣.......♣ ###
#..####.....♣♣ ♣♣.....♣♣
##.###...##...##♣♣ ♣♣♣.♣♣♣
#####..##.....#y.y# ♣♣♣
#.#....).......y@#####
.......#.......y###..############
....#..#........###..............
.#####....##.....#........#####..
..#####..........#........# ##.
..#.##...##.#.............######.
#...#....##.##......##........#..
#...#.#.###.###.##...#...###.....
##....####....#........### ##....


You could see 4 killer bees.

Vanquished Creatures
  A water moccasin (Sewer)
  A bullfrog (D:4)
  A water moccasin skeleton (D:5)
  A howler monkey (D:4)
  A hound (D:4)
  A scorpion zombie (D:5)
  A hound skeleton (D:4)
  4 adders
  2 ufetubi
  A worm (D:2)
  7 orcs (D:4)
  4 ball pythons
  2 endoplasms (D:1)
  3 giant cockroaches
  7 goblins
  3 hobgoblins
  8 jackals
  5 quokkas
  A bat (D:1)
  2 frilled lizards
  4 kobolds
  6 rats
  A spectral hobgoblin (D:1)
67 creatures vanquished.

Notes
Turn   | Place    | Note
-------+----------+-------------------------------------------
     0 | D:1      | r3xj the Minotaur Fighter began the quest for the Orb.
     0 | D:1      | Reached XP level 1. HP: 19/19 MP: 0/0
   216 | D:1      | Reached XP level 2. HP: 27/27 MP: 1/1
   380 | D:1      | Found a faded altar of an unknown god.
   523 | D:1      | Found Lyschoiv's One-of-a-Kind Rings.
   554 | D:1      | Reached skill level 4 in Armour
   854 | D:2      | Reached XP level 3. HP: 33/33 MP: 2/2
  1266 | D:2      | You fall into a shaft and drop 2 floors!
  1283 | D:4      | Reached XP level 4. HP: 34/41 MP: 3/3
  1445 | D:4      | Found a white marble altar of Elyvilon.
  1786 | D:4      | Noticed a bullfrog
  1793 | D:4      | Killed a bullfrog
  1794 | D:4      | Reached skill level 5 in Armour
  1794 | D:4      | Reached XP level 5. HP: 26/47 MP: 4/4
  2171 | D:5      | Entered Level 5 of the Dungeon
  2188 | D:4      | Reached skill level 5 in Fighting
  2252 | D:5      | Found a glowing drain.
  2267 | Sewer    | Entered a sewer
  2402 | Sewer    | Noticed a water moccasin
  2411 | Sewer    | Killed a water moccasin
  2412 | Sewer    | Reached skill level 5 in Maces & Flails
  2412 | Sewer    | Reached XP level 6. HP: 55/57 MP: 5/5
  2515 | D:5      | Reached skill level 6 in Armour
  2613 | D:4      | Slain by a killer bee

Illustrated notes

Levels and vault maps discovered:
D:1:      erik_arrival_cave_to_civilisation [erik_arrival_cave_to_hall],
          layout_rooms, dreamdust_ecumenical_altar_drowned_temple,
          nicolae_shop_unique_rings
D:2:      layout_loops_ring
D:4:      layout_cave_pools, elyvilon_altar_3
D:5:      layout_cave_pools, portal_sewer_entry_d, minmay_misc_feat_tower,
          serial_park_tiny_1, minmay_misc_feat_columns,
          amcnicky_altar_lugonu_corruption

Skill      XL: |  1  2  3  4  5  6 |
---------------+-------------------+-----
Shields        | 4 |  4.0
Maces & Flails | 3 4 5 |  5.3
Armour         | 4 5 6 |  6.0
Fighting       | 4 5 |  5.9

Action                   |  1- 3 |  4- 6 || total
-------------------------+-------+-------++-------
Melee: Flail             |   104 |    89 ||   193
       Headbutt          |     6 |    12 ||    18
  Use: Potion            |       |     2 ||     2
Armor: Scale mail        |    40 |    54 ||    94
Dodge: Dodged            |    32 |    67 ||    99
Block: Buckler           |    29 |    73 ||   102

Table legend: (Time is in decaauts)
 A = Elapsed time spent in this place.
 B = Non-inter-level travel time spent in this place.
 C = Inter-level travel time spent in this place.
 D = Time resting spent in this place.
 E = Time spent auto-exploring this place.
 F = Levels seen in this place.
 G = Mean time per level.
                   A        B        C        D        E       F      G
               +--------+--------+--------+--------+--------+-----+--------+
         Total |   2684 |   2595 |     89 |      0 |   2050 |   5 |  536.8 |
       Dungeon |   2468 |   2379 |     89 |      0 |   1873 |   4 |  617.0 |
         Sewer |    215 |    215 |      0 |      0 |    177 |   1 |  215.0 |
               +--------+--------+--------+--------+--------+-----+--------+

Top non-repeatable levels by time:
     D:4: 956 daAuts
     D:1: 863 daAuts
     D:2: 433 daAuts
   Sewer: 215 daAuts
     D:5: 215 daAuts
